 Dungeon Crawl Stone Soup version 0.25-a0-576-g50b708a4c4 (webtiles) character file.

Game seed: 3819221355599340334, levelgen mode: deterministic

103274 MordorOrchid the Black Belt (level 16, 0/77 HPs)
             Began as a Vine Stalker Monk on Mar 1, 2020.
             Was a High Priest of Cheibriados.
             Slain by a shambling mangrove (2 damage)
             ... on level 3 of the Swamp.
             The game lasted 01:59:48 (19932 turns).

MordorOrchid the Black Belt (Vine Stalker Monk)    Turns: 19932, Time: 01:59:49

Health: 0/77       AC: 24    Str: 30    XL:     16   Next: 35%
Magic:  0/35       EV: 14    Int: 27    God:    Cheibriados [*****.]
Gold:   1754       SH: 14    Dex: 33    Spells: 16/28 levels left

rFire    . . .     SeeInvis +     - Unarmed
rCold    . . .     Gourm    +   T - +0 kite shield
rNeg     + . .     Faith    .   Z - +0 chain mail {MR+}
rPois    +         Spirit   +   p - +0 helmet {SInv}
rElec    .         Reflect  .   O - +2 cloak {MR+}
rCorr    .         Harm     .   t - +0 pair of gloves
MR       ++++.                  Y - +2 pair of boots
Stlth    ++........             H - amulet of the gourmand
HPRegen  1.02/turn              e - ring of Thoughtfulness {*Contam rN+ MP+9 AC+4 Stlth+}
MPRegen  0.24/turn              D - ring of poison resistance

@: lethally poisoned (0 -> 0), grasped by roots, slowed, constricted, very slow
A: fangs 3, regeneration 2, magic shield, antimagic bite, no potion heal 3, rot
immunity
a: Bend Time, Temporal Distortion, Slouch, Step From Time, Renounce Religion


You were on level 3 of the Swamp.
You worshipped Cheibriados.
Cheibriados was extremely pleased with you.
You were completely stuffed.

You visited 4 branches of the dungeon, and saw 25 of its levels.
You also visited: Gauntlet and Ice Cave.

You collected 2132 gold pieces.
You spent 378 gold pieces at shops.

Inventory:

Hand Weapons
 a - a +9 scimitar of flaming
 s - a +6 hunting sling
 V - the +1 executioner's axe of Disintegration {vamp, rF- rC+++ rN+ Int+4}
   (You took it off a minotaur in a Gauntlet)

   It inflicts no extra harm, but heals its wielder when it wounds a living foe.
   It affects your intelligence (+4).
   It makes you vulnerable to fire.
   It renders you almost immune to cold.
   It protects you from negative energy.
Missiles
 g - 4 atropa-tipped darts
 u - 15 boomerangs (quivered)
 y - 2 throwing nets
 z - 208 sling bullets
 Q - 345 arrows
 S - 29 javelins
Armour
 p - a +0 helmet of see invisible (worn)
 t - a +0 pair of gloves (worn)
 O - a +2 cloak of magic resistance (worn)
 T - a +0 kite shield (worn)
 Y - a +2 pair of boots (worn)
 Z - a +0 chain mail of magic resistance (worn)
Magical Staves
 x - an uncursed staff of energy
Jewellery
 e - the ring of Thoughtfulness (left hand) {*Contam rN+ MP+9 AC+4 Stlth+}
   (You found it on level 6 of the Lair of Beasts)

   [ring of protection]

   It affects your AC (+4).
   It protects you from negative energy.
   It affects your magic capacity (+9).
   It causes magical contamination when unequipped.
   It makes you more stealthy.
 n - the ring of Dishonesty {rElec rPois rF++ Int-5 SInv}
   (You found it on level 5 of the Lair of Beasts)

   [ring of see invisible]

   It affects your intelligence (-5).
   It greatly protects you from fire.
   It insulates you from electricity.
   It protects you from poison.
   It lets you see invisible.
 o - a +3 amulet of reflection
 D - a ring of poison resistance (right hand)
 H - an amulet of the gourmand (around neck)
Wands
 c - a wand of iceblast (18)
 q - a wand of polymorph (9)
 A - a wand of flame (40)
 B - a wand of paralysis (5)
 J - a wand of acid (6)
 K - a wand of enslavement (1)
 P - a wand of disintegration (50)
Scrolls
 d - a scroll of identify
 f - a scroll of magic mapping
 l - 9 scrolls of teleportation
 m - a scroll of summoning
 r - 13 scrolls of remove curse
 v - 2 scrolls of enchant weapon
 w - 4 scrolls of immolation
 E - 2 scrolls of fear
 M - a scroll of noise
 N - 4 scrolls of fog
Potions
 h - 4 potions of stabbing
 i - 11 potions of curing
 k - 3 potions of lignification
 F - 4 potions of flight
 R - 2 potions of resistance
 W - a potion of mutation
 X - 2 potions of brilliance
Miscellaneous
 j - a phantom mirror
Comestibles
 b - 54 rations
 C - 7 chunks of flesh


   Skills:
 - Level 6.0 Fighting
 - Level 6.0 Throwing
 * Level 9.2 Armour
 - Level 9.2 Dodging
 - Level 6.0 Stealth
 + Level 7.8 Shields
 - Level 15.0 Unarmed Combat
 * Level 6.6 Spellcasting
 * Level 3.6 Summonings
 - Level 5.0 Transmutations
 - Level 3.0 Ice Magic
 * Level 3.7 Air Magic
 - Level 9.0 Invocations
 - Level 6.0 Evocations


You had 16 spell levels left.
You knew the following spells:

 Your Spells              Type           Power        Failure   Level  Hunger
a - Passwall              Tmut/Erth      ###.....     34%         2    None
b - Sticks to Snakes      Tmut           #####...     12%         2    None
c - Ice Form              Ice/Tmut       ####....     75%         4    ###....
j - Summon Lightning Spi  Summ/Air       ####....     80%         4    ###....

Your spell library contained the following spells:

 Spells                   Type           Power        Failure   Level  Hunger
 Beastly Appendage        Tmut           #####.       8%          1    None
 Swiftness                Chrm/Air       ###.....     41%         2    None
 Corona                   Hex            #......      54%         1    None
 Magic Dart               Conj           #...         54%         1    None
 Spider Form              Tmut/Pois      ###.......   56%         3    None
 Searing Ray              Conj           #.....       67%         2    None
 Slow                     Hex            #.......     67%         2    None
 Sublimation of Blood     Necr           #.........   67%         2    None
 Ignite Poison            Fire/Tmut/Pois ###.....     67%         3    None
 Dazzling Flash           Conj/Hex       #.....       88%         3    None
 Inner Flame              Hex/Fire       #.......     88%         3    None
 Portal Projectile        Hex/Tloc       #.....       88%         3    None
 Blade Hands              Tmut           #####.....   91%         5    #####..
 Petrify                  Tmut/Erth      ###.....     92%         4    ###....
 Cause Fear               Hex            #.........   99%         4    ###....
 Fulminant Prism          Conj/Hex       #.........   99%         4    ###....
 Iskenderun's Mystic Bla  Conj/Tloc      #.......     99%         4    ###....
 Leda's Liquefaction      Hex/Erth       #.........   99%         4    ###....
 Passage of Golubria      Tloc           N/A          99%         4    ###....
 Alistair's Intoxication  Tmut/Pois      ###.....     99%         5    #####..
 Irradiate                Conj/Tmut      ###.......   99%         5    #####..
 Yara's Violent Unravell  Hex/Tmut       ###.......   99%         5    #####..
 Bolt of Magma            Conj/Fire/Erth #.........   100%        5    #####..
 Iskenderun's Battlesphe  Conj/Chrm      #.......     100%        5    #####..
 Lee's Rapid Deconstruct  Erth           #.........   100%        5    #####..
 Metabolic Englaciation   Hex/Ice        ###.......   100%        5    #####..
 Silence                  Hex/Air        ###.......   100%        5    #####..
 Conjure Ball Lightning   Conj/Air       ###.......   100%        6    ######.
 Darkness                 Hex            #.........   100%        6    ######.
 Deflect Missiles         Chrm/Air       ###.......   100%        6    ######.
 Eringya's Noxious Bog    Tmut/Pois      ###.......   100%        6    ######.
 Freezing Cloud           Conj/Ice/Air   ###.......   100%        6    ######.
 Invisibility             Hex            #.......     100%        6    ######.
 Iron Shot                Conj/Erth      #.........   100%        6    ######.
 Ozocubu's Refrigeration  Ice            ####......   100%        6    ######.
 Simulacrum               Ice/Necr       ###.......   100%        6    ######.
 Orb of Destruction       Conj           #.........   100%        7    #######
 Spellforged Servitor     Conj/Summ      ###.......   100%        7    #######
 Discord                  Hex            #.........   100%        8    #######
 Tornado                  Air            ####......   100%        9    #######


Dungeon Overview and Level Annotations

Branches:
Dungeon (15/15)            Temple (1/1) D:4            Lair (6/6) D:10
  Swamp (3/4) Lair:4        Snake (0/4) Lair:3        Slime (0/5) Lair:5
    Orc (0/2) D:10         Vaults (0/5) D:14         Depths (0/5) D:15
  IceCv (visited)         Gauntlet (visited)

Altars:
Cheibriados
Dithmenos
Fedhas
Gozag
Hepliaklqana
Kikubaaqudgha
Nemelex Xobeh
Okawaru
Qazlal
Ru
Sif Muna
Trog
Vehumet
Wu Jian
Xom
Yredelemnul
Zin
The Shining One

Shops:
D:5 %   D:12 *

Annotations:
D:8 Pikel
Swamp:2 Roxanne


Innate Abilities, Weirdness & Mutations

You have razor-sharp teeth.
You heal very quickly.
When hurt, damage is shared between your health and your magic reserves.
Your bite disrupts and absorbs the magic of your enemies.
Potions cannot restore your health.
You are immune to rotting.


Message History

* * * LOW HITPOINT WARNING * * *
x2 The grasping roots constrict you!
The hornet stings you.
* * * LOW HITPOINT WARNING * * *
You feel yourself slow down.
You can move again.
Unknown command.
You don't have enough magic at the moment.
Unknown command.
Unknown command.
Okay, then.
Evoke which item? (* to show all) (? for menu, Esc to quit)
Aiming: Disintegrate
Press: ? - help, Shift-Dir - straight line, f - shambling mangrove
Aim: a shambling mangrove (almost destroyed, chance to defeat MR: 22%)
The shambling mangrove resists with almost no effort.
You feel sick. You block the hornet's attack. The hornet closely misses you.
You block the hornet's attack.
The hornet stings you but does no damage.
You block the shambling mangrove's attack.
You die...

♣≈♣.♣≈♣ ≈...≈.♣♣ ♣♣♣♣
....≈≈.♣♣♣♣♣♣♣♣♣≈.≈♣
..#....≈..≈...♣≈≈≈≈♣
......≈..≈≈≈≈≈.♣
....##.≈≈≈≈≈≈≈≈♣♣ ♣
....##.≈≈≈.≈≈≈..♣♣ ≈≈≈
.##..#.≈...≈≈≈..≈♣♣≈≈≈≈.
.##..#.≈...≈≈≈.≈@...≈≈≈♣
..........≈.≈♣♣fyy..≈≈.♣
.......≈....♣♣♣≈≈≈≈≈≈≈≈.
..#.. ....♣ ♣≈≈≈≈≈≈..≈
...#. ≈.♣♣ ♣≈..≈≈≈..≈
.#.# ♣≈.≈≈§≈..≈ ....
..≈≈.♣♣≈.≈ .≈≈≈ ≈≈≈≈≈.
♣.. ≈≈.§≈


You could see a shambling mangrove and 2 hornets.

Vanquished Creatures
  A thorn hunter (Lair:5)
  Aizul (Swamp:2)
  A minotaur (Gauntlet)
  The ghost of terminal the Blocker, a journeyman DrFi of Qazlal (D:12)
  An ogre mage (D:15)
  11 hydras
  3 vault guards (D:14)
  A hell beast (Gauntlet)
  6 shambling mangroves
  An anaconda (shapeshifter) (Gauntlet)
  2 alligators
  4 two-headed ogres
  2 death yaks (Lair:4)
  2 tengu warriors (D:14)
  Urug (Lair:1)
  3 unseen horrors
  A spriggan druid (Swamp:2)
  4 swamp dragons
  A lindwurm (Lair:4)
  A wizard (D:13)
  2 deep elf magi (D:14)
  A necromancer (IceCv)
  4 manticores
  A cyclops (D:14)
  6 ugly things
  Maurice (D:8)
  3 ice statues (IceCv)
  3 black mambas
  23 spiny frogs
  A torpor snail (Lair:4)
  A gargoyle (D:11)
  2 minotaur zombies (Gauntlet)
  3 centaur skeletons
  17 komodo dragons
  2 efreet
  8 ice devils (IceCv)
  A wandering mushroom (Lair:5)
  A queen bee (Lair:2)
  A troll (shapeshifter) (D:15)
  3 trolls
  7 tyrant leeches
  A hornet (shapeshifter) (Gauntlet)
  A polar bear (Lair:5)
  3 bog bodies (Swamp:2)
  14 hornets
  25 blink frogs
  11 slime creatures
  26 dream sheep
  9 hippogriffs
  3 centaur simulacra
  A vampire (D:15)
  A meliai zombie (D:14)
  A shadow (D:15)
  4 spriggans
  5 wyverns
  53 yaks
  Grum (D:8)
  Eustachio (D:4)
  2 basilisks
  3 hungry ghosts
  12 vampire mosquitoes
  A swamp worm (Swamp:2)
  5 insubstantial wisps (Swamp:2)
  A warg (D:10)
  A soldier ant (D:13)
  A hell hound (Gauntlet)
  11 water moccasins
  12 porcupines
  3 ice beasts
  A slave (D:8)
  3 phantoms
  7 orc warriors
  An eye of draining (D:12)
  3 necrophages
  2 swamp drakes (Swamp:3)
  2 black bears
  13 ogres
  35 wolves
  8 centaurs
  7 crocodiles
  5 big kobolds
  22 bullfrogs
  7 scorpions
  3 wyvern skeletons
  30 killer bees
  An electric eel (Lair:6)
  6 crimson imps
  3 bullfrog zombies
  4 centaur zombies
  4 hounds
  4 draconian simulacra (IceCv)
  A gnoll shaman (D:6)
  A bullfrog skeleton (D:11)
  5 orc priests
  8 jellies
  15 orc wizards
  Jessica (D:3)
  An iguana (shapeshifter) (Gauntlet)
  Terence (D:3)
  5 hell rats (Lair:5)
  4 iguanas
  A troll simulacrum (IceCv)
  11 worker ants
  2 hound zombies
  2 hound skeletons
  A howler monkey zombie (D:8)
  18 gnolls
  11 adders
  3 naga simulacra (IceCv)
  A shadow imp (D:14)
  12 white imps (Lair:3)
  4 oozes
  An adder zombie (D:5)
  3 adder skeletons
  A worm (D:5)
  3 leopard geckos
  59 orcs
  4 ball pythons
  3 giant cockroaches
  5 goblins
  6 hobgoblins
  4 quokkas
  6 bats
  7 frilled lizards
  2 jackal zombies
  19 kobolds
  A leopard gecko zombie (D:7)
  A quokka skeleton (D:6)
  6 rats
  2 plants
763 creatures vanquished.

Vanquished Creatures (collateral kills)
  A vault guard (D:14)
  An ugly thing (D:15)
  A deep elf mage (D:14)
  A slime creature (D:14)
  A sky beast (D:14)
  3 centaurs (D:14)
  A scorpion (D:14)
  2 orc wizards (D:14)
11 creatures vanquished.

Vanquished Creatures (others)
  An ugly thing (D:15)
  2 slime creatures (D:14)
  A komodo dragon (D:14)
  A yak (D:14)
  An acid dragon (D:14)
  A swamp worm (Swamp:2)
  A bullfrog skeleton (D:11)
  An orc (D:14)
  A kobold (D:9)
  17 fungi
  39 plants
66 creatures vanquished.

Grand Total: 840 creatures vanquished

Notes
Turn   | Place    | Note
-------+----------+-------------------------------------------
     0 | D:1      | MordorOrchid the Vine Stalker Monk began the quest for the
                  | Orb.
     0 | D:1      | Reached XP level 1. HP: 11/11 MP: 2/2
    93 | D:1      | Reached XP level 2. HP: 11/16 MP: 3/3
   775 | D:2      | Reached XP level 3. HP: 16/20 MP: 2/4
   926 | D:2      | Found a blossoming altar of Fedhas.
  1128 | D:2      | Found an ancient bone altar of Kikubaaqudgha.
  1739 | D:3      | Gained mutation: Your natural rate of healing is unusually
                  | fast. [Vine Stalker growth]
  1739 | D:3      | Reached XP level 4. HP: 24/24 MP: 5/5
  1904 | D:3      | Noticed Jessica
  1917 | D:3      | Reached skill level 4 in Unarmed Combat
  1921 | D:3      | Killed Jessica
  1921 | D:3      | Reached skill level 1 in Armour
  1921 | D:3      | Reached XP level 5. HP: 28/28 MP: 6/6
  2057 | D:3      | Noticed Terence
  2069 | D:3      | Killed Terence
  2093 | D:3      | Found a glowing silver altar of Zin.
  2093 | D:3      | Found a glowing golden altar of the Shining One.
  2255 | D:4      | Noticed an ogre
  2261 | D:4      | Reached XP level 6. HP: 32/32 MP: 7/7
  2391 | D:4      | Found a shadowy altar of Dithmenos.
  2542 | D:4      | Found a staircase to the Ecumenical Temple.
  2551 | Temple   | Entered the Ecumenical Temple
  2693 | Temple   | Became a worshipper of Cheibriados the Contemplative
  2693 | Temple   | Reached * piety under Cheibriados
  2693 | Temple   | Reached ** piety under Cheibriados
  2794 | D:4      | Noticed Eustachio
  2822 | D:4      | Killed Eustachio
  2822 | D:4      | Reached XP level 7. HP: 33/37 MP: 5/8
  2903 | D:4      | Reached skill level 1 in Throwing
  2903 | D:4      | Reached skill level 5 in Unarmed Combat
  2903 | D:4      | Reached skill level 1 in Invocations
  3045 | D:4      | You fall into a shaft and drop 2 floors!
  3091 | D:5      | Entered Level 5 of the Dungeon
  3629 | D:5      | Found Itrir's Food Shop.
  3707 | D:5      | Gained mutation: You have razor-sharp teeth. [Vine Stalker
                  | growth]
  3707 | D:5      | Reached XP level 8. HP: 41/42 MP: 8/10
  3959 | D:5      | Reached skill level 5 in Stealth
  4150 | D:5      | Found a hazy altar of Hepliaklqana.
  4221 | D:5      | Reached *** piety under Cheibriados
  4970 | D:7      | Reached skill level 6 in Unarmed Combat
  4980 | D:7      | Reached skill level 1 in Evocations
  5021 | D:7      | Reached XP level 9. HP: 45/45 MP: 12/12
  5028 | D:7      | Reached **** piety under Cheibriados
  5201 | D:7      | Found a bloodstained altar of Trog.
  5278 | D:7      | Found an iron altar of Okawaru.
  5785 | D:8      | Reached skill level 7 in Unarmed Combat
  5927 | D:8      | Noticed Grum
  5928 | D:8      | Noticed Pikel
  5943 | D:8      | Reached ***** piety under Cheibriados
  5943 | D:8      | Reached skill level 5 in Dodging
  5968 | D:8      | Killed Grum
  6016 | D:8      | Noticed Maurice
  6028 | D:8      | Killed Maurice
  6028 | D:8      | Reached XP level 10. HP: 45/49 MP: 11/14
  6207 | D:8      | Reached skill level 8 in Unarmed Combat
  6693 | D:9      | Found a blossoming altar of Fedhas.
  7006 | D:9      | Noticed a two-headed hydra
  7016 | D:9      | Killed a two-headed hydra
  7237 | D:9      | Reached skill level 9 in Unarmed Combat
  7240 | D:9      | Reached skill level 5 in Invocations
  7603 | D:10     | Entered Level 10 of the Dungeon
  7633 | D:10     | Found a staircase to the Orcish Mines.
  7640 | D:10     | Reached skill level 5 in Armour
  7720 | D:10     | Reached XP level 11. HP: 53/53 MP: 15/15
  7741 | D:10     | Found a staircase to the Lair.
  7985 | D:10     | Noticed a manticore
  7995 | D:10     | Killed a manticore
  8185 | D:11     | Reached skill level 10 in Unarmed Combat
  8281 | D:11     | Reached ****** piety under Cheibriados
  8317 | D:11     | Noticed a two-headed ogre
  8326 | D:11     | Killed a two-headed ogre
  8431 | D:11     | Got a polished whip
  8485 | D:11     | Identified the +4 whip "Oshel" {flame, *Contam rPois Str+9
                  | Stlth-} (You found it on level 11 of the Dungeon)
  8518 | D:11     | Noticed a four-headed hydra
  8594 | D:11     | Killed an unseen horror
  8769 | D:11     | Noticed a red ugly thing
  8775 | D:11     | Killed a red ugly thing
  8899 | D:11     | Noticed an emperor scorpion
  8899 | D:11     | a four-headed hydra changed into an emperor scorpion
  8900 | D:11     | Noticed an azure jelly
  8900 | D:11     | an emperor scorpion changed into an azure jelly
  8948 | D:12     | Found an iron altar of Okawaru.
  8952 | D:12     | Reached skill level 5 in Evocations
  9092 | D:12     | Killed an unseen horror
  9118 | D:12     | Reached skill level 11 in Unarmed Combat
  9171 | D:12     | Noticed a two-headed ogre
  9180 | D:12     | Killed a two-headed ogre
  9180 | D:12     | Gained mutation: You heal very quickly. [Vine Stalker
                  | growth]
  9180 | D:12     | Reached XP level 12. HP: 58/58 MP: 15/17
  9458 | D:11     | Noticed an eight-headed hydra
  9588 | D:12     | Found an opulent altar of Gozag.
  9589 | D:12     | Found a runed translucent gate.
  9589 | D:12     | Found a runed translucent gate.
  9589 | D:12     | Found a runed translucent gate.
  9590 | D:12     | Found Baunwiga's Assorted Antiques.
  9590 | D:12     | Noticed terminal's ghost (journeyman DrFi)
  9611 | D:12     | Killed terminal's ghost
  9656 | D:12     | Bought a paperback book for 270 gold pieces
  9659 | D:12     | Learned a level 2 spell: Sticks to Snakes
  9661 | D:12     | Learned a level 1 spell: Beastly Appendage
  9661 | D:12     | Bought a wand of disintegration (10) for 72 gold pieces
  9661 | D:12     | Bought a scroll of identify for 36 gold pieces
 10546 | D:13     | Reached skill level 1 in Spellcasting
 10546 | D:13     | Reached skill level 1 in Transmutations
 10665 | D:14     | Noticed a tengu warrior
 10685 | D:14     | Noticed a six-headed hydra
 10878 | D:14     | Noticed a four-headed hydra
 10916 | D:14     | Killed a four-headed hydra
 10916 | D:14     | Reached skill level 5 in Fighting
 10925 | D:14     | Killed a six-headed hydra
 10938 | D:14     | Noticed a vault guard
 10940 | D:14     | Noticed a vault guard
 10945 | D:14     | Reached XP level 13. HP: 62/63 MP: 17/19
 10958 | D:14     | Reached skill level 12 in Unarmed Combat
 10967 | D:14     | Noticed a vault guard
 10987 | D:14     | Noticed a vault guard
 10988 | D:14     | Killed a vault guard
 11000 | D:14     | Killed a vault guard
 11014 | D:14     | Killed a vault guard
 11021 | D:14     | Killed a vault guard
 11426 | D:14     | Found a gate to the Vaults.
 11715 | D:15     | Entered Level 15 of the Dungeon
 11768 | D:15     | Found a gate leading to a gauntlet.
 11796 | Gauntlet | Entered a Gauntlet
 11796 | Gauntlet | Found a transporter.
 11796 | Gauntlet | Found a transporter.
 11798 | Gauntlet | Found a transporter.
 11798 | Gauntlet | Found a transporter.
 11799 | Gauntlet | Found a transporter.
 11801 | Gauntlet | Found a transporter.
 11807 | Gauntlet | Found a transporter.
 11809 | Gauntlet | Found a transporter.
 11810 | Gauntlet | Found a transporter.
 11812 | Gauntlet | Found a transporter.
 11820 | Gauntlet | Found a transporter.
 11826 | Gauntlet | Found a transporter.
 11903 | Gauntlet | Noticed a death ooze
 12014 | Gauntlet | Learned a level 4 spell: Ice Form
 12020 | Gauntlet | Reached skill level 1 in Shields
 12075 | Gauntlet | Identified the cursed +1 executioner's axe of
                  | Disintegration {vamp, rF- rC+++ rN+ Int+4}
 12075 | Gauntlet | Noticed a minotaur
 12102 | Gauntlet | Killed a minotaur
 12158 | Gauntlet | Got an iridescent long sword
 12178 | Gauntlet | Reached skill level 1 in Ice Magic
 12229 | D:15     | Noticed an ogre mage
 12235 | D:15     | Killed an ogre mage
 12442 | D:10     | Identified the cursed +1 long sword "Keent" {vorpal, rPois
                  | rN+ Int-5} (You found it in a Gauntlet)
 12463 | Lair:1   | Entered Level 1 of the Lair of Beasts
 12516 | Lair:1   | Noticed Urug
 12530 | Lair:1   | Killed Urug
 12530 | Lair:1   | Reached XP level 14. HP: 49/70 MP: 17/21
 12958 | Lair:1   | Reached skill level 13 in Unarmed Combat
 13822 | Lair:2   | Identified the +1 great mace of Faineam {vorpal, rPois
                  | Str+2} (You found it on level 2 of the Lair of Beasts)
 14009 | Lair:2   | Reached skill level 5 in Shields
 14125 | Lair:2   | Reached skill level 5 in Spellcasting
 14144 | Lair:2   | Reached skill level 5 in Transmutations
 14347 | Lair:3   | Found a frozen archway.
 14373 | IceCv    | Entered an ice cave
 14736 | IceCv    | Got a ripped robe
 14744 | IceCv    | Got a transparent halberd
 14756 | IceCv    | Identified the +1 robe "Tuizxuq" {rN++ Stlth-} (You found
                  | it in an ice cave)
 14882 | Lair:3   | Found a staircase to the Snake Pit.
 15537 | Lair:4   | Identified the +9 halberd of Destiny {chaos, *Corrode +Inv
                  | rN+} (You found it in an ice cave)
 16040 | Lair:4   | Reached XP level 15. HP: 65/73 MP: 18/23
 16050 | Lair:4   | Found a staircase to the Swamp.
 16706 | Lair:5   | Reached skill level 5 in Throwing
 16813 | Lair:5   | Reached skill level 14 in Unarmed Combat
 16925 | Lair:5   | Found a staircase to the Slime Pits.
 17261 | Lair:5   | Noticed a thorn hunter
 17261 | Lair:5   | an oklob plant changed into a thorn hunter
 17278 | Lair:5   | Killed a thorn hunter
 17374 | Lair:5   | Got a translucent silver ring
 17396 | Lair:5   | Learned a level 4 spell: Summon Lightning Spire
 17639 | Lair:6   | Entered Level 6 of the Lair of Beasts
 17791 | Lair:6   | Reached skill level 1 in Summonings
 17791 | Lair:6   | Reached skill level 1 in Air Magic
 18175 | Lair:6   | Identified the ring of Dishonesty {rElec rPois rF++ Int-5
                  | SInv} (You found it on level 5 of the Lair of Beasts)
 18340 | Lair:6   | Learned a level 2 spell: Passwall
 18359 | Lair:6   | Reached skill level 15 in Unarmed Combat
 18518 | Lair:6   | Got a pitted bone ring
 18519 | Lair:6   | Identified the ring of Thoughtfulness {*Contam rN+ MP+9
                  | AC+4 Stlth+} (You found it on level 6 of the Lair of
                  | Beasts)
 19085 | Swamp:1  | Entered Level 1 of the Swamp
 19189 | Swamp:2  | Reached XP level 16. HP: 64/77 MP: 26/26
 19209 | Swamp:2  | Noticed Aizul
 19307 | Swamp:2  | Killed Aizul
 19519 | Swamp:2  | Identified Roxanne's Incunabulum of Shape Shifting
 19519 | Swamp:2  | Noticed Roxanne
 19929 | Swamp:3  | Paralysed by a hornet for 2 turns
 19931 | Swamp:3  | HP: 3/77 [shambling mangrove (9)]
 19932 | Swamp:3  | Slain by a shambling mangrove

Levels and vault maps discovered:
D:1:      tarquinn_simple_flora_water_a, layout_rooms, serial_glass,
          glass_columns_c, glass_columns_a, glass_columns_b, glass_columns_c,
          glass_columns_a, glass_columns_a
D:2:      layout_basic, kiku_gazebo_garden_becter, first_ration,
          fedhas_ov_isle_minmay
D:3:      layout_rooms, gammafunk_temple_overflow_wave, uniq_terence,
          uniq_jessica
D:4:      layout_basic, grunt_dithmenos_smoke, minmay_temple_entry_overgrown,
          minmay_misc_feat_encased, st_stairs_11, uniq_eustachio
D:5:      layout_gridville, overflow_temple_1_default, serial_shops, shop
D:6:      layout_loops_ring
D:7:      layout_loops_ring, marbit_many_paths, nicolae_overflow_crystal_walls
D:8:      layout_loops_ring, uniq_pikel, uniq_grum, uniq_maurice
D:9:      layout_basic, lemuel_coloured_pillars_altar, hangedman_ranch
          [blue_anna_fruit_fields]
D:10:     layout_roguey, grunt_lair_entry_orc_guard_hut, david_orc_3
D:11:     layout_basic, kennysheep_another_room, lemuel_flamethrower_2
D:12:     layout_basic, basic_altar, ebering_ghost_gozag
D:13:     layout_stronghold
D:14:     layout_loops_ring, lightli_vaults_fourway_checkpoint,
          serial_park_tiny_pond
D:15:     gammafunk_enter_depths_forms, layout_irregular_city,
          gauntlet_entry_generic, lemuel_mausoleum_altar_yredelemnul,
          nemelex_xobeh_ov_fountains_minmay
Temple:   minmay_temple_curvy_branch
Lair:1:   layout_long_grid, grunt_forest_large_clearings, grunt_megastairs_3,
          lemuel_fruit_fields, uniq_urug
Lair:2:   layout_loops_ring, special_room [special_room_bee],
          beast_lair_carwin_10, grunt_megastairs_4, serial_bayou_shore_b
Lair:3:   layout_gridlike, dummy_snake_entry, portal_ice_cave_entry_imps
Lair:4:   layout_cave_pods, palyth_hydra_swamp_entry,
          nicolae_volcano_entry_s_turn, beast_lair_carwin_3
Lair:5:   layout_regular_city, nicolae_slime_entry_slimehenge,
          serial_bayou_shore_a, minmay_lair_oklob_chamber
Lair:6:   minmay_lair_end_frog_pond, layout_gridlike, grunt_megastairs_5
Swamp:1:  layout_basic_swamp, evilmike_swamp_ruin_house_2
Swamp:2:  layout_falls_marsh, evilmike_swamp_ruin_house_5,
          infiniplex_staircase_pool_2, uniq_roxanne, uniq_aizul
Swamp:3:  layout_basic_swamp, evilmike_swamp_ruin_rubble_1, swamp_pool3

Skill      XL: |  1  2  3  4  5  6  7  8  9 10 11 12 13 14 15 16 |
---------------+-------------------------------------------------+-----
Fighting       | 3 4 5 6 |  6.0
Stealth        | 3 4 5 6 |  6.0
Dodging        | 3 4 5 6 7 8 9 |  9.2
Unarmed Combat | 4 5 6 7 9 11 12 13 15 | 15.0
Armour         | 1 2 3 4 5 6 7 8 9 |  9.2
Throwing       | 2 3 4 6 |  6.0
Invocations    | 1 2 4 5 6 7 8 9 |  9.0
Evocations     | 1 2 4 5 6 |  6.0
Spellcasting   | 2 4 5 6 |  6.6
Transmutations | 2 4 5 |  5.0
Shields        | 2 6 7 |  7.8
Ice Magic      | 1 3 |  3.0
Summonings     | 2 3 |  3.6
Air Magic      | 2 3 |  3.7

Action                   |  1- 3 |  4- 6 |  7- 9 | 10-12 | 13-15 | 16-18 || total
-------------------------+-------+-------+-------+-------+-------+-------++-------
Melee: Unarmed           |   150 |    93 |   252 |   412 |  1015 |   206 ||  2128
       Bite              |    45 |    31 |   127 |   240 |   660 |   128 ||  1231
       Punch             |       |       |     8 |    48 |    17 |       ||    73
       Executioner's axe |       |       |       |       |    85 |       ||    85
       Scimitar          |       |       |       |       |    17 |       ||    17
 Fire: Hunting sling     |       |       |       |     3 |       |       ||     3
Throw: Stone             |       |    19 |       |       |       |       ||    19
       Dart              |       |     9 |     8 |     4 |     9 |       ||    30
       Boomerang         |       |       |    70 |   115 |   206 |    27 ||   418
       Javelin           |       |       |     3 |    11 |     1 |       ||    15
       Throwing net      |       |       |       |       |       |     3 ||     3
 Cast: Sticks to Snakes  |       |       |       |       |     9 |     3 ||    12
Invok: Bend Time         |       |       |       |    11 |    33 |    17 ||    61
       Slouch            |       |       |       |       |     9 |       ||     9
       Temporal Distorti |       |       |       |       |       |     1 ||     1
Evoke: Wand              |       |       |       |    36 |    34 |     1 ||    71
  Use: Scroll            |     5 |     1 |     9 |    14 |    17 |     1 ||    47
       Potion            |       |     2 |       |     1 |     5 |     1 ||     9
 Stab: Sleeping          |     4 |     1 |     9 |    16 |     2 |       ||    32
       Distracted        |       |       |     2 |     2 |     1 |     1 ||     6
       Betrayed ally     |       |       |       |       |     1 |       ||     1
       Invisible         |       |       |       |       |     1 |       ||     1
  Eat: Chunk             |     2 |     4 |     5 |    13 |    27 |     5 ||    56
       Ration            |       |       |       |       |     1 |       ||     1
Armor: Robe              |    14 |       |       |       |       |       ||    14
       Leather armour    |     7 |    14 |    28 |    23 |       |       ||    72
       Ring mail         |       |     7 |       |       |       |       ||     7
       Scale mail        |       |       |       |    60 |    20 |       ||    80
       Chain mail        |       |       |       |       |   211 |    90 ||   301
       Acid dragon scale |       |       |       |       |     6 |       ||     6
Dodge: Dodged            |    75 |    49 |   155 |   397 |   689 |   151 ||  1516
Block: Other             |    10 |    10 |    26 |    44 |     4 |       ||    94
       Reflection        |       |       |     2 |     3 |     2 |       ||     7
       Kite shield       |       |       |       |       |   597 |   164 ||   761
       Rpst.: Scimitar   |       |       |       |       |     5 |       ||     5

Table legend:
 A = Non-vault XP
 B = Vault XP
 C = Vault XP percentage of total XP
 D = Non-vault monster count
 E = Vault monster count
 F = Vault count percentage of total count
                 A         B        C        D         E       F
            +---------+---------+-------+---------+---------+-------
      Total |   89080 |   58455 |  39.6 |     541 |     231 |  29.9
            +---------+---------+-------+---------+---------+-------
        D:1 |      24 |       0 |   0.0 |      14 |       0 |   0.0
        D:2 |      70 |       0 |   0.0 |      23 |       0 |   0.0
        D:3 |     121 |      73 |  37.6 |      22 |       2 |   8.3
        D:4 |     350 |     242 |  40.9 |       9 |       2 |  18.2
        D:5 |     751 |       0 |   0.0 |      32 |       0 |   0.0
        D:6 |     264 |       0 |   0.0 |      15 |       0 |   0.0
        D:7 |     858 |       2 |   0.2 |      23 |       1 |   4.2
        D:8 |     989 |    1110 |  52.9 |      22 |       6 |  21.4
        D:9 |    1245 |    2216 |  64.0 |      29 |       8 |  21.6
       D:10 |    1926 |     907 |  32.0 |      20 |      12 |  37.5
       D:11 |    5238 |       0 |   0.0 |      28 |       0 |   0.0
       D:12 |    4486 |    1723 |  27.8 |      30 |       5 |  14.3
       D:13 |    3693 |       0 |   0.0 |      26 |       0 |   0.0
       D:14 |   11094 |    5537 |  33.3 |      42 |      10 |  19.2
       D:15 |    6014 |       0 |   0.0 |      17 |       0 |   0.0
     Lair:1 |    1536 |    5444 |  78.0 |       8 |      33 |  80.5
     Lair:2 |    2911 |    4993 |  63.2 |      12 |      32 |  72.7
     Lair:3 |    1604 |     123 |   7.1 |       9 |      12 |  57.1
     Lair:4 |    6345 |    5663 |  47.2 |      27 |      10 |  27.0
     Lair:5 |    4190 |    5238 |  55.6 |      22 |      14 |  38.9
     Lair:6 |   15192 |   13418 |  46.9 |      58 |      50 |  46.3
    Swamp:1 |     703 |       0 |   0.0 |       1 |       0 |   0.0
    Swamp:2 |   11527 |    1705 |  12.9 |      32 |       1 |   3.0
    Swamp:3 |    7949 |       0 |   0.0 |      20 |       0 |   0.0
      IceCv |       0 |    4912 | 100.0 |       0 |      22 | 100.0
   Gauntlet |       0 |    5149 | 100.0 |       0 |      11 | 100.0
            +---------+---------+-------+---------+---------+-------
